 Dungeon Crawl Stone Soup version 0.29-a0-321-gf1c400731a (webtiles) character file.

Game seed: 12112669963281841185

74 HotDog the Shield-Bearer (level 4, -3/40 HPs)
             Began as a Minotaur Fighter on Apr 5, 2022.
             Killed by divine providence
             ... invoked by an orc priest
              (12 damage)
             ... on level 3 of the Dungeon.
             The game lasted 00:03:47 (1955 turns).

HotDog the Shield-Bearer (Minotaur Fighter)         Turns: 1955, Time: 00:03:49

Health: -3/40      AC:  9    Str: 20    XL:     4   Next: 9%
Magic:  3/3        EV:  7    Int:  5    God:
Gold:   156        SH:  5    Dex: 12    Spells: 3/3 levels left

rFire   . . .      SeeInvis .   a - +0 long sword
rCold   . . .      Faith    .   c - +0 buckler
rNeg    . . .      Spirit   .   k - +0 chain mail
rPois   .          Reflect  .   (helmet restricted)
rElec   .          Harm     .   (no cloak)
rCorr   .          Rampage  .   (no gloves)
Will    .....                   (no boots)
Stlth   ..........              j - amulet of regeneration
HPRegen 0.93/turn               (no ring)
MPRegen 0.08/turn               (no ring)

@: lethally poisoned (-3 -> -14)
A: horns 2, retaliatory headbutt
a: no special abilities


You were on level 3 of the Dungeon.
You visited 1 branch of the dungeon, and saw 3 of its levels.

You collected 156 gold pieces.

Inventory:

Hand Weapons
 a - a +0 long sword (weapon)
Armour
 c - a +0 buckler (worn)
 k - a +0 chain mail (worn)
Jewellery
 j - an amulet of regeneration (around neck)
Scrolls
 b - a scroll of fear {unknown}
 h - 3 scrolls of teleportation
Potions
 d - a potion of might
 e - 2 potions of curing {unknown}
 f - a potion of degeneration {unknown}
 g - a potion of haste {unknown}
 i - 2 potions of mutation {unknown}
 l - a potion of heal wounds {unknown}


   Skills:
 * Level 4.1 Fighting
 * Level 3.3 Long Blades
 * Level 4.2 Armour
 * Level 0.9 Dodging
 * Level 4.2 Shields
 * Level 0.9 Invocations


You had 3 spell levels left.
You didn't know any spells.
Your spell library contained the following spells:

 Spells                   Type           Power      Damage    Failure   Level
 Animate Skeleton         Necr           0%         N/A       100%        1
 Apportation              Tloc           0%         N/A       100%        1
 Summon Small Mammal      Summ           0%         N/A       100%        1
 Dispersal                Tloc           0%         N/A       100%        6
 Disjunction              Tloc           0%         N/A       100%        8


Dungeon Overview and Level Annotations

Branches:
Dungeon (3/15)

Altars:


Innate Abilities, Weirdness & Mutations

You have a pair of horns on your head.
You reflexively headbutt those who attack you in melee.


Message History

The orc shouts!
You hear a shout!
There are monsters nearby!
There are monsters nearby!
An orc comes into view. It is wielding a +0 hand axe.
The orc shouts!
You hear a shout!
The orc hits you with a +0 falchion.
An orc comes into view. It is wielding a +0 whip.
You closely miss the orc.
The orc shouts!
The orc hits you with a +0 falchion.
A kobold comes into view. It is wielding a +0 dagger.
An orc priest comes into view. It is wielding a +0 club.
You hit the orc.
The orc is severely wounded.
The orc hits you with a +0 falchion.
You hit the orc.
You kill the orc!
The orc priest calls down the wrath of Beogh upon you.
Beogh smites you!
Found a scroll labelled GIRHAI TURO.
The orc priest hits you but does no damage.
You are poisoned.
You see here a +0 falchion.
You closely miss the orc priest.
You feel very sick.
The orc priest hits you with a +0 mace of venom.
You are more poisoned.
The orc priest hits you but does no damage.
You are more poisoned.
You closely miss the orc priest. Your headbutt misses the orc priest.
You feel extremely sick.
The orc priest hits you but does no damage.
You are lethally poisoned!
You slash the orc priest!
The orc priest is severely wounded.
* * * LOW HITPOINT WARNING * * *
You feel extremely sick.
The orc priest invokes the aid of Beogh against you.
Beogh smites you!
You die...

### ?... .....
.....o##############
....Koo@..........<#
.....o##############
..... .... ... .. .


You could see 2 orc priests, 2 orcs and a kobold.

Vanquished Creatures
  2 adders (D:2)
  A worm (D:2)
  2 dart slugs (D:1)
  An orc (D:3)
  3 ball pythons
  5 bats (D:1)
  4 endoplasms
  A giant cockroach (D:2)
  8 goblins
  3 hobgoblins
  2 jackals (D:2)
  3 quokkas (D:1)
  A frilled lizard (D:2)
  5 kobolds
  4 rats
45 creatures vanquished.

Notes
Turn   | Place    | Note
-------+----------+-------------------------------------------
     0 | D:1      | HotDog the Minotaur Fighter began the quest for the Orb.
     0 | D:1      | Reached XP level 1. HP: 19/19 MP: 0/0
    86 | D:1      | Reached XP level 2. HP: 3/27 MP: 1/1
   759 | D:1      | You fall into a shaft and drop 1 floor!
   801 | D:1      | Reached XP level 3. HP: 32/33 MP: 2/2
  1124 | D:1      | Found a faded altar of an unknown god.
  1667 | D:2      | Reached XP level 4. HP: 38/40 MP: 3/3
  1955 | D:3      | Killed from afar by an orc priest

Illustrated notes

Levels and vault maps discovered:
D:1:      dpeg_arrival_triangle_fractal, layout_loops_ring,
          ebering_ecumenical_altar_abandoned, minmay_octomino_c4
D:2:      layout_loops_cross
D:3:      layout_basic, uniq_ijyb

Skill      XL: |  1  2  3 |
---------------+----------+-----
Fighting       | 4 |  4.1
Shields        | 4 |  4.2
Long Blades    | 3 |  3.3
Armour         | 4 |  4.2
Dodging        | |  0.9
Invocations    | |  0.9

Action                   |  1- 3 |  4- 6 || total
-------------------------+-------+-------++-------
Melee: Long sword        |   118 |    11 ||   129
       Headbutt          |    20 |       ||    20
  Use: Scroll            |     1 |     3 ||     4
Armor: Scale mail        |    25 |       ||    25
       Chain mail        |    60 |     8 ||    68
Dodge: Dodged            |    60 |     1 ||    61
Block: Buckler           |    41 |       ||    41

Table legend: (Time is in decaauts)
 A = Elapsed time spent in this place.
 B = Non-inter-level travel time spent in this place.
 C = Inter-level travel time spent in this place.
 D = Time resting spent in this place.
 E = Time spent auto-exploring this place.
 F = Levels seen in this place.
 G = Mean time per level.
                   A        B        C        D        E       F      G
               +--------+--------+--------+--------+--------+-----+--------+
         Total |   1994 |   1908 |     86 |    501 |   1058 |   3 |  664.7 |
       Dungeon |   1994 |   1908 |     86 |    501 |   1058 |   3 |  664.7 |
               +--------+--------+--------+--------+--------+-----+--------+

Top non-repeatable levels by time:
     D:1: 1380 daAuts
     D:2: 595 daAuts
     D:3: 18 daAuts
